[ AOE2 MATCH · #495584621 ]
UnrankedPersians vs Lithuanians
[ REPLAY ANALYSIS · EXTRACTED FROM THE RECORDED GAME ]
Feudal
8:18
Castle
12:54
Imperial
26:09
| APM avg | 14.9 |
| APM peak | 26 |
| eAPM avg | 11.1 |
| Villagers / military | 138 / 50 |
Focus
⚔️ 15.4% · 🌾 84.6%
War Elephant ×49 · Monk ×1
Feudal
7:36
Castle
11:10
Imperial
—
| APM avg | 79.3 |
| APM peak | 138 |
| eAPM avg | 48.6 |
| Villagers / military | 164 / 55 |
Focus
⚔️ 46.7% · 🌾 53.3%
Ratha (Ranged) ×55
Feudal
8:01
Castle
11:31
Imperial
33:18
| APM avg | 54.5 |
| APM peak | 110 |
| eAPM avg | 36.4 |
| Villagers / military | 114 / 107 |
Focus
⚔️ 15.2% · 🌾 84.8%
Knight ×94 · Leitis ×6 · Spearman ×4 · Monk ×3
Feudal
6:47
Castle
12:50
Imperial
34:46
| APM avg | 22.7 |
| APM peak | 45 |
| eAPM avg | 14.0 |
| Villagers / military | 99 / 94 |
Focus
⚔️ 22.1% · 🌾 77.9%
Longbowman ×67 · Skirmisher ×16 · Petard ×6 · Spearman ×5
Feudal
7:22
Castle
12:38
Imperial
27:31
| APM avg | 33.9 |
| APM peak | 88 |
| eAPM avg | 11.0 |
| Villagers / military | 86 / 59 |
Focus
⚔️ 19.3% · 🌾 80.7%
Knight ×35 · Conquistador ×24
Feudal
8:32
Castle
12:03
Imperial
—
| APM avg | 42.0 |
| APM peak | 82 |
| eAPM avg | 22.6 |
| Villagers / military | 73 / 16 |
Focus
⚔️ 35.3% · 🌾 64.7%
Unknown (1974) ×57 · Unknown (1968) ×28 · Battering Ram ×8 · Monk ×5 · Militia ×3 · Unknown (1105) ×1
Feudal
8:01
Castle
11:35
Imperial
25:55
| APM avg | 24.0 |
| APM peak | 86 |
| eAPM avg | 17.3 |
| Villagers / military | 140 / 293 |
Focus
⚔️ 30.9% · 🌾 69.1%
Genoese Crossbowman ×174 · Skirmisher ×113 · Trebuchet (Packed) ×3 · Petard ×2 · Monk ×1
Feudal
6:51
Castle
11:09
Imperial
25:45
| APM avg | 30.2 |
| APM peak | 96 |
| eAPM avg | 19.9 |
| Villagers / military | 128 / 61 |
Focus
⚔️ 44.9% · 🌾 55.1%
Konnik ×51 · Trebuchet (Packed) ×5 · Battering Ram ×3 · Monk ×2
Match map
Initial resources + every placement click. Lines = walls · curves = elevation contours. ◆ gold · ⬟ stone · ● berries · ✦ relic · ◌ wall gap
Your base· ✓ Closed at 12:54 · 0t walls · 8 gate(s)
VIT | Hera's base· ✓ Closed at 11:10 · 1t walls · 6 gate(s)
GSDE_Bjarne's base· ✓ Closed at 11:31 · 0t walls · 8 gate(s)
lord-cherry's base· ✓ Closed at 12:50 · 0t walls · 5 gate(s)
FAILEDFEMBOY's base· ✓ Closed at 12:38 · 0t walls · 6 gate(s)
dayjaby's base· ✓ Closed at 12:03 · 0t walls · 5 gate(s)
Lord Snow's base· ✓ Closed at 11:35 · 0t walls · 8 gate(s)
Fun4's base· ✓ Closed at 11:09 · 0t walls · 7 gate(s)
Smoothed initial terrain · ◌ = detected wall gap · hover for details
Inputs per minute
— EpicPlayer - - VIT | Hera
Build order — EpicPlayer
First 150 of 244 actions detected
| 0:06 | Create | Villager (Male) ×5 |
| 0:33 | Build | Lumber Camp |
| 0:47 | Build | Mill |
| 1:39 | Create | Villager (Male) |
| 1:39 | Create | Villager (Male) |
| 2:15 | Create | Villager (Male) |
| 2:43 | Create | Villager (Male) |
| 3:07 | Build | Lumber Camp |
| 3:20 | Create | Villager (Male) |
| 3:47 | Build | Mining Camp |
| 3:52 | Create | Villager (Male) |
| 3:53 | Create | Villager (Male) |
| 4:41 | Create | Villager (Male) |
| 5:12 | Create | Villager (Male) |
| 6:14 | Research | Feudal Age |
| 7:09 | Create | Villager (Male) |
| 7:09 | Create | Villager (Male) |
| 8:18 | Age | Feudal Age |
| 8:28 | Build | Market |
| 8:36 | Build | Blacksmith |
| 8:55 | Build | Farm |
| 8:55 | Build | Farm |
| 9:35 | Build | Farm |
| 9:35 | Build | Farm |
| 9:36 | Build | Farm |
| 9:36 | Build | Farm |
| 9:36 | Build | Farm |
| 9:37 | Build | Farm |
| 9:39 | Build | Farm |
| 10:29 | Research | Castle Age |
| 11:00 | Research | Horse Collar |
| 11:25 | Research | Double-Bit Axe |
| 11:25 | Research | Double-Bit Axe |
| 12:06 | Create | Villager (Male) |
| 12:07 | Create | Villager (Male) |
| 12:07 | Create | Villager (Male) |
| 12:54 | Age | Castle Age |
| 13:00 | Build | Town Center |
| 13:22 | Build | Town Center |
| 13:32 | Create | Villager (Male) |
| 14:10 | Build | Stable |
| 14:21 | Create | Villager (Male) |
| 14:21 | Create | Villager (Male) |
| 14:32 | Create | Villager (Male) |
| 14:33 | Create | Villager (Male) |
| 14:33 | Create | Villager (Male) |
| 14:54 | Create | Villager (Male) |
| 14:54 | Create | Villager (Male) |
| 14:54 | Create | Villager (Male) |
| 15:26 | Build | Town Center |
| 15:35 | Create | Villager (Male) |
| 15:35 | Create | Villager (Male) |
| 15:35 | Create | Villager (Male) |
| 15:40 | Build | Farm |
| 15:40 | Build | Farm |
| 15:40 | Build | Farm |
| 15:40 | Build | Farm |
| 15:48 | Research | Wheelbarrow |
| 15:59 | Create | Villager (Male) |
| 16:16 | Create | Villager (Male) |
| 16:17 | Create | Villager (Male) |
| 16:28 | Build | Farm |
| 16:28 | Build | Farm |
| 16:29 | Build | Farm |
| 16:29 | Build | Farm |
| 16:30 | Build | Farm |
| 16:53 | Create | Villager (Male) |
| 16:53 | Create | Villager (Male) |
| 16:53 | Create | Villager (Male) |
| 16:54 | Create | Villager (Male) |
| 17:09 | Create | Villager (Male) |
| 17:09 | Create | Villager (Male) |
| 17:09 | Create | Villager (Male) |
| 17:27 | Research | Heavy Plow |
| 17:31 | Create | Villager (Male) |
| 17:31 | Create | Villager (Male) |
| 17:35 | Build | Farm |
| 17:35 | Build | Farm |
| 17:41 | Build | Farm |
| 17:50 | Create | Villager (Male) |
| 17:50 | Create | Villager (Male) |
| 17:50 | Create | Villager (Male) |
| 18:00 | Build | House |
| 18:02 | Build | House |
| 18:04 | Build | House |
| 18:05 | Build | House |
| 18:06 | Build | House |
| 18:10 | Build | House |
| 18:11 | Build | House |
| 18:17 | Create | Villager (Male) |
| 18:18 | Create | Villager (Male) |
| 18:18 | Create | Villager (Male) |
| 18:18 | Create | Villager (Male) |
| 18:25 | Build | Farm |
| 18:28 | Create | Villager (Male) |
| 18:29 | Create | Villager (Male) |
| 18:39 | Build | Farm |
| 18:53 | Create | Villager (Male) |
| 18:53 | Create | Villager (Male) |
| 18:54 | Create | Villager (Male) |
| 19:20 | Create | Villager (Male) |
| 19:21 | Create | Villager (Male) |
| 19:21 | Create | Villager (Male) |
| 19:21 | Create | Villager (Male) |
| 19:37 | Research | Hand Cart |
| 19:42 | Create | Villager (Male) |
| 19:42 | Create | Villager (Male) |
| 19:43 | Create | Villager (Male) |
| 19:52 | Build | Mining Camp |
| 20:00 | Research | Gold Mining |
| 20:06 | Research | Stone Mining |
| 20:16 | Create | Villager (Male) |
| 20:16 | Create | Villager (Male) |
| 20:17 | Create | Villager (Male) |
| 20:17 | Create | Villager (Male) |
| 20:18 | Create | Villager (Male) ×3 |
| 20:29 | Create | Villager (Male) |
| 20:29 | Create | Villager (Male) |
| 20:45 | Research | Bow Saw |
| 21:10 | Create | Villager (Male) |
| 21:10 | Create | Villager (Male) |
| 21:17 | Research | Husbandry |
| 21:21 | Research | Bloodlines |
| 21:23 | Create | Villager (Male) |
| 21:23 | Create | Villager (Male) |
| 21:29 | Build | House |
| 21:31 | Build | House |
| 21:32 | Build | House |
| 21:33 | Build | House |
| 21:34 | Build | House |
| 21:40 | Build | House |
| 21:41 | Build | House |
| 21:47 | Create | Villager (Male) |
| 21:48 | Create | Villager (Male) |
| 21:48 | Create | Villager (Male) |
| 21:48 | Create | Villager (Male) |
| 21:48 | Create | Villager (Male) |
| 21:48 | Create | Villager (Male) |
| 21:48 | Create | Villager (Male) |
| 21:50 | Create | Villager (Male) |
| 21:51 | Create | Villager (Male) |
| 22:01 | Build | Farm |
| 22:01 | Build | Farm |
| 22:02 | Build | Farm |
| 22:05 | Build | Farm |
| 22:06 | Build | Farm |
| 22:15 | Create | Villager (Male) |
| 22:15 | Create | Villager (Male) |
| 22:18 | Build | Farm |
| 22:19 | Build | Farm |
Build order — VIT | Hera
First 150 of 345 actions detected
| 0:01 | Create | Villager (Male) |
| 0:01 | Create | Villager (Male) |
| 0:06 | Create | Villager (Male) |
| 0:06 | Create | Villager (Male) |
| 0:06 | Create | Villager (Male) |
| 0:08 | Build | Mill |
| 0:12 | Build | Lumber Camp |
| 0:55 | Create | Villager (Male) |
| 0:55 | Create | Villager (Male) |
| 1:36 | Create | Villager (Male) |
| 1:37 | Create | Villager (Male) |
| 1:58 | Create | Villager (Male) |
| 2:11 | Create | Villager (Male) |
| 2:26 | Create | Villager (Male) |
| 2:27 | Create | Villager (Male) |
| 3:41 | Create | Villager (Male) |
| 3:46 | Build | Farm |
| 3:48 | Build | Farm |
| 4:00 | Build | Farm |
| 4:01 | Build | Farm |
| 4:06 | Create | Villager (Male) |
| 4:06 | Create | Villager (Male) |
| 4:07 | Create | Villager (Male) |
| 4:07 | Create | Villager (Male) |
| 4:07 | Create | Villager (Male) |
| 4:07 | Create | Villager (Male) |
| 4:08 | Create | Villager (Male) |
| 5:16 | Build | Palisade Wall |
| 5:19 | Build | Mining Camp |
| 5:26 | Research | Feudal Age |
| 5:26 | Research | Feudal Age |
| 7:23 | Create | Villager (Male) |
| 7:36 | Age | Feudal Age |
| 7:39 | Build | Market |
| 7:39 | Create | Villager (Male) |
| 7:43 | Build | Blacksmith |
| 8:05 | Research | Wheelbarrow |
| 8:30 | Research | Castle Age |
| 8:31 | Research | Castle Age |
| 8:54 | Research | Double-Bit Axe |
| 8:54 | Research | Double-Bit Axe |
| 8:54 | Research | Double-Bit Axe |
| 9:41 | Research | Horse Collar |
| 9:42 | Research | Horse Collar |
| 9:48 | Build | Farm |
| 9:51 | Build | Farm |
| 10:59 | Create | Villager (Male) |
| 11:10 | Age | Castle Age |
| 11:12 | Build | Town Center |
| 11:26 | Build | Town Center |
| 11:29 | Create | Villager (Male) |
| 11:50 | Research | Bow Saw |
| 11:50 | Research | Bow Saw |
| 11:56 | Create | Villager (Male) |
| 12:06 | Build | Farm |
| 12:09 | Create | Villager (Male) |
| 12:14 | Build | Farm |
| 12:28 | Create | Villager (Male) |
| 12:30 | Create | Villager (Male) |
| 12:33 | Create | Villager (Male) |
| 12:37 | Build | Farm |
| 12:40 | Build | Farm |
| 12:46 | Build | Farm |
| 12:46 | Build | Farm |
| 12:48 | Create | Villager (Male) |
| 12:50 | Create | Villager (Male) |
| 12:50 | Create | Villager (Male) |
| 12:51 | Create | Villager (Male) |
| 12:58 | Build | Farm |
| 13:07 | Build | Farm |
| 13:07 | Build | Farm |
| 13:08 | Build | Farm |
| 13:18 | Build | Farm |
| 13:21 | Build | Farm |
| 13:27 | Create | Villager (Male) |
| 13:28 | Create | Villager (Male) |
| 13:30 | Build | Farm |
| 13:30 | Create | Villager (Male) |
| 13:31 | Create | Villager (Male) |
| 13:39 | Build | Farm |
| 13:41 | Build | Farm |
| 13:43 | Create | Villager (Male) |
| 13:46 | Create | Villager (Male) |
| 13:50 | Build | Farm |
| 13:58 | Create | Villager (Male) |
| 13:58 | Create | Villager (Male) |
| 14:00 | Build | Farm |
| 14:04 | Build | Farm |
| 14:17 | Build | Farm |
| 14:18 | Build | Farm |
| 14:36 | Create | Villager (Male) |
| 14:36 | Create | Villager (Male) |
| 14:37 | Create | Villager (Male) |
| 14:37 | Create | Villager (Male) |
| 14:56 | Create | Villager (Male) |
| 15:01 | Build | House |
| 15:01 | Build | House |
| 15:04 | Build | House |
| 15:05 | Build | House |
| 15:05 | Build | House |
| 15:05 | Build | House |
| 15:06 | Build | House |
| 15:08 | Build | House |
| 15:09 | Build | House |
| 15:13 | Build | Farm |
| 15:14 | Build | Farm |
| 15:15 | Build | Farm |
| 15:16 | Research | Wheelbarrow |
| 15:16 | Research | Wheelbarrow |
| 15:17 | Build | Farm |
| 15:18 | Create | Villager (Male) |
| 15:19 | Build | Farm |
| 15:20 | Build | Farm |
| 15:22 | Build | Farm |
| 15:23 | Create | Villager (Male) |
| 15:23 | Create | Villager (Male) |
| 15:38 | Create | Villager (Male) |
| 15:39 | Create | Villager (Male) |
| 15:39 | Create | Villager (Male) |
| 15:44 | Create | Villager (Male) |
| 15:45 | Create | Villager (Male) |
| 16:05 | Create | Villager (Male) ×2 |
| 16:06 | Build | Farm |
| 16:07 | Build | Farm |
| 16:08 | Build | Farm |
| 16:11 | Build | Farm |
| 16:14 | Create | Villager (Male) |
| 16:20 | Build | Town Center |
| 16:45 | Research | Hand Cart |
| 16:45 | Research | Hand Cart |
| 16:45 | Research | Hand Cart |
| 16:52 | Create | Villager (Male) |
| 17:01 | Create | Ratha (Ranged) |
| 17:02 | Create | Ratha (Ranged) |
| 17:05 | Research | Scale Barding Armor |
| 17:05 | Research | Scale Barding Armor |
| 17:12 | Research | Loom |
| 17:19 | Create | Villager (Male) |
| 17:29 | Research | Padded Archer Armor |
| 17:29 | Research | Padded Archer Armor |
| 17:30 | Create | Ratha (Ranged) |
| 17:30 | Create | Ratha (Ranged) |
| 17:35 | Create | Ratha (Ranged) |
| 17:40 | Create | Villager (Male) |
| 17:41 | Create | Villager (Male) |
| 17:44 | Build | Farm |
| 17:52 | Create | Villager (Male) |
| 18:07 | Create | Villager (Male) |
| 18:41 | Create | Villager (Male) |
| 18:42 | Create | Ratha (Ranged) |
Build order — GSDE_Bjarne
First 150 of 308 actions detected
| 0:00 | Create | Villager (Male) |
| 0:01 | Create | Villager (Male) |
| 0:01 | Create | Villager (Male) |
| 0:01 | Create | Villager (Male) |
| 0:27 | Build | Lumber Camp |
| 0:41 | Create | Villager (Male) |
| 0:41 | Create | Villager (Male) |
| 0:42 | Create | Villager (Male) |
| 1:20 | Create | Villager (Male) |
| 1:21 | Create | Villager (Male) |
| 1:43 | Create | Villager (Male) |
| 1:43 | Create | Villager (Male) |
| 1:43 | Create | Villager (Male) |
| 2:11 | Create | Villager (Male) |
| 2:12 | Create | Villager (Male) |
| 2:44 | Build | Mill |
| 2:48 | Create | Villager (Male) |
| 2:48 | Create | Villager (Male) |
| 2:49 | Create | Villager (Male) |
| 2:49 | Create | Villager (Male) |
| 3:11 | Create | Villager (Male) |
| 3:12 | Create | Villager (Male) |
| 3:16 | Create | Villager (Male) |
| 3:16 | Create | Villager (Male) |
| 3:33 | Create | Villager (Male) |
| 3:33 | Create | Villager (Male) |
| 3:42 | Build | Farm |
| 3:45 | Build | Farm |
| 3:51 | Build | Farm |
| 5:29 | Research | Feudal Age |
| 5:29 | Research | Feudal Age |
| 5:35 | Build | Mining Camp |
| 5:56 | Create | Villager (Male) |
| 5:56 | Create | Villager (Male) |
| 6:29 | Create | Villager (Male) |
| 6:30 | Create | Villager (Male) |
| 7:38 | Create | Villager (Male) |
| 8:01 | Age | Feudal Age |
| 8:04 | Build | Blacksmith |
| 8:09 | Build | Market |
| 8:28 | Build | Farm |
| 8:51 | Research | Castle Age |
| 8:52 | Research | Castle Age |
| 8:55 | Build | Farm |
| 9:47 | Research | Double-Bit Axe |
| 10:16 | Build | Lumber Camp |
| 10:47 | Create | Villager (Male) |
| 10:47 | Create | Villager (Male) |
| 11:31 | Age | Castle Age |
| 11:34 | Build | Monastery |
| 11:43 | Create | Villager (Male) |
| 11:43 | Create | Villager (Male) |
| 12:09 | Create | Monk |
| 12:22 | Research | Bow Saw |
| 12:23 | Research | Bow Saw |
| 12:35 | Create | Villager (Male) |
| 13:09 | Create | Monk |
| 13:09 | Create | Monk |
| 13:42 | Create | Villager (Male) |
| 13:42 | Create | Villager (Male) |
| 13:49 | Build | Town Center |
| 14:12 | Create | Villager (Male) |
| 14:16 | Create | Villager (Male) |
| 15:10 | Create | Villager (Male) |
| 15:21 | Create | Villager (Male) |
| 15:32 | Build | Farm |
| 15:33 | Build | Farm |
| 15:39 | Research | Wheelbarrow |
| 15:40 | Create | Villager (Male) |
| 15:40 | Create | Villager (Male) |
| 15:50 | Create | Villager (Male) |
| 15:51 | Create | Villager (Male) |
| 15:57 | Create | Villager (Male) |
| 15:57 | Create | Villager (Male) |
| 16:09 | Build | Stable |
| 16:10 | Build | Stable |
| 16:10 | Build | Stable |
| 16:10 | Build | Stable |
| 16:40 | Research | Scale Barding Armor |
| 16:40 | Research | Scale Barding Armor |
| 16:44 | Research | Bloodlines |
| 16:44 | Research | Bloodlines |
| 16:52 | Create | Villager (Male) |
| 16:52 | Create | Villager (Male) |
| 16:55 | Create | Leitis |
| 16:56 | Create | Leitis |
| 16:56 | Create | Leitis |
| 17:00 | Research | Gold Mining |
| 17:00 | Research | Gold Mining |
| 17:03 | Research | Horse Collar |
| 17:04 | Research | Horse Collar |
| 17:36 | Create | Villager (Male) |
| 17:42 | Create | Knight |
| 17:42 | Create | Knight |
| 17:54 | Build | House |
| 17:54 | Build | House |
| 17:54 | Build | House |
| 17:55 | Build | House |
| 17:55 | Build | House |
| 17:55 | Build | House |
| 18:00 | Create | Knight |
| 18:00 | Create | Knight |
| 18:02 | Create | Villager (Male) |
| 18:02 | Create | Villager (Male) |
| 18:20 | Create | Villager (Male) |
| 18:21 | Create | Villager (Male) |
| 18:28 | Build | Farm |
| 18:28 | Build | Farm |
| 18:28 | Build | Farm |
| 18:28 | Build | Farm |
| 18:35 | Build | Farm |
| 18:36 | Build | Farm |
| 18:39 | Build | Farm |
| 18:43 | Build | Farm |
| 18:47 | Create | Villager (Male) |
| 18:52 | Create | Villager (Male) |
| 18:53 | Create | Villager (Male) |
| 19:19 | Create | Villager (Male) |
| 19:19 | Create | Villager (Male) |
| 19:35 | Build | Farm |
| 19:49 | Create | Villager (Male) |
| 19:50 | Create | Villager (Male) |
| 20:01 | Create | Villager (Male) |
| 20:01 | Create | Villager (Male) |
| 20:22 | Create | Knight ×4 |
| 20:38 | Create | Knight ×2 |
| 20:38 | Create | Knight ×2 |
| 20:44 | Create | Villager (Male) |
| 20:45 | Create | Villager (Male) |
| 20:58 | Build | Farm |
| 21:03 | Build | Farm |
| 21:03 | Build | Farm |
| 21:03 | Build | Farm |
| 21:04 | Build | Farm |
| 21:04 | Build | Farm |
| 21:13 | Research | Husbandry |
| 21:13 | Research | Husbandry |
| 21:13 | Create | Knight |
| 21:14 | Create | Knight |
| 21:48 | Create | Knight ×3 |
| 21:48 | Create | Knight ×3 |
| 22:22 | Build | House |
| 22:22 | Build | House |
| 22:23 | Build | House |
| 22:23 | Build | House |
| 22:28 | Build | Mill |
| 22:30 | Build | Farm |
| 22:30 | Build | Farm |
| 22:30 | Build | Farm |
| 22:30 | Build | Farm |
Build order — lord-cherry
First 150 of 253 actions detected
| 0:02 | Create | Villager (Male) |
| 0:02 | Create | Villager (Male) |
| 0:19 | Create | Villager (Male) |
| 0:19 | Create | Villager (Male) |
| 0:47 | Create | Villager (Male) |
| 1:36 | Create | Villager (Male) |
| 1:57 | Create | Villager (Male) |
| 2:22 | Build | Lumber Camp |
| 2:45 | Create | Villager (Male) |
| 3:20 | Create | Villager (Male) |
| 3:27 | Create | Villager (Male) |
| 3:40 | Create | Villager (Male) |
| 3:54 | Build | Mill |
| 4:13 | Research | Feudal Age |
| 5:40 | Build | House |
| 6:14 | Build | House |
| 6:30 | Create | Villager (Male) |
| 6:41 | Build | Mining Camp |
| 6:47 | Age | Feudal Age |
| 6:50 | Create | Villager (Male) |
| 7:02 | Research | Double-Bit Axe |
| 7:03 | Research | Horse Collar |
| 7:19 | Build | Blacksmith |
| 7:34 | Create | Villager (Male) |
| 7:34 | Create | Villager (Male) |
| 8:25 | Create | Villager (Male) |
| 8:45 | Create | Villager (Male) |
| 9:10 | Create | Villager (Male) |
| 9:29 | Build | Market |
| 9:38 | Research | Loom |
| 9:55 | Build | Lumber Camp |
| 10:10 | Research | Castle Age |
| 10:11 | Research | Castle Age |
| 10:29 | Build | Farm |
| 10:29 | Build | Farm |
| 10:32 | Build | Farm |
| 10:34 | Build | Farm |
| 10:52 | Build | Farm |
| 10:58 | Build | Farm |
| 11:42 | Create | Villager (Male) |
| 11:52 | Build | Archery Range |
| 12:50 | Age | Castle Age |
| 12:54 | Build | Town Center |
| 12:57 | Create | Villager (Male) |
| 13:06 | Research | Bow Saw |
| 13:12 | Create | Longbowman |
| 13:12 | Create | Longbowman |
| 13:12 | Create | Longbowman |
| 13:12 | Create | Longbowman |
| 13:13 | Create | Longbowman |
| 13:21 | Build | Farm |
| 13:33 | Create | Villager (Male) |
| 13:43 | Build | Farm |
| 13:58 | Create | Villager (Male) |
| 14:09 | Build | Farm |
| 14:16 | Build | Farm |
| 14:18 | Create | Villager (Male) |
| 14:34 | Build | Farm |
| 14:37 | Create | Villager (Male) |
| 14:41 | Build | Farm |
| 14:48 | Create | Villager (Male) |
| 14:52 | Build | Farm |
| 14:52 | Build | Farm |
| 14:53 | Build | Farm |
| 14:54 | Build | Farm |
| 15:01 | Build | Farm |
| 15:13 | Create | Longbowman |
| 15:13 | Create | Longbowman |
| 15:13 | Create | Longbowman |
| 15:20 | Build | University |
| 15:23 | Create | Villager (Male) |
| 15:23 | Create | Villager (Male) |
| 15:23 | Create | Villager (Male) |
| 15:35 | Build | Farm |
| 15:37 | Create | Villager (Male) |
| 15:37 | Create | Villager (Male) |
| 15:55 | Build | Farm |
| 15:55 | Create | Villager (Male) |
| 15:56 | Create | Villager (Male) |
| 16:11 | Create | Longbowman |
| 16:11 | Create | Longbowman |
| 16:11 | Create | Longbowman |
| 16:22 | Create | Villager (Male) |
| 16:22 | Create | Villager (Male) |
| 16:23 | Create | Villager (Male) |
| 16:35 | Research | Gold Mining |
| 17:25 | Research | Fletching |
| 17:26 | Research | Padded Archer Armor |
| 17:30 | Create | Villager (Male) |
| 17:30 | Create | Villager (Male) |
| 17:30 | Create | Villager (Male) |
| 17:42 | Build | Gate |
| 17:48 | Create | Villager (Male) |
| 17:48 | Create | Villager (Male) |
| 17:49 | Create | Villager (Male) |
| 17:56 | Create | Villager (Male) |
| 17:57 | Create | Villager (Male) |
| 18:04 | Create | Villager (Male) |
| 18:04 | Create | Villager (Male) |
| 18:04 | Create | Villager (Male) |
| 18:32 | Create | Villager (Male) |
| 18:41 | Research | Ballistics |
| 18:42 | Research | Ballistics |
| 18:57 | Research | Bodkin Arrow |
| 18:57 | Research | Leather Archer Armor |
| 19:10 | Build | House |
| 19:11 | Build | House |
| 19:12 | Build | House |
| 19:14 | Build | House |
| 19:14 | Build | House |
| 19:15 | Build | House |
| 19:16 | Build | House |
| 19:17 | Build | House |
| 19:21 | Build | Stone Wall |
| 19:23 | Create | Villager (Male) |
| 19:23 | Create | Villager (Male) |
| 19:25 | Build | House |
| 19:26 | Build | House |
| 19:27 | Build | House |
| 19:27 | Build | House |
| 19:35 | Create | Villager (Male) |
| 19:35 | Create | Villager (Male) |
| 19:36 | Create | Villager (Male) |
| 19:38 | Create | Villager (Male) |
| 19:39 | Create | Villager (Male) |
| 19:47 | Create | Longbowman ×2 |
| 20:03 | Create | Longbowman ×2 |
| 20:10 | Create | Villager (Male) |
| 20:29 | Create | Longbowman ×2 |
| 20:32 | Create | Villager (Male) |
| 20:32 | Create | Villager (Male) |
| 20:32 | Create | Villager (Male) |
| 20:50 | Build | Lumber Camp |
| 20:56 | Create | Villager (Male) |
| 20:56 | Create | Villager (Male) |
| 20:58 | Create | Villager (Male) |
| 20:58 | Create | Villager (Male) |
| 20:58 | Create | Villager (Male) |
| 21:06 | Create | Longbowman |
| 21:37 | Create | Longbowman ×3 |
| 21:52 | Create | Villager (Male) |
| 21:56 | Research | Stone Mining |
| 22:05 | Build | Castle |
| 22:15 | Build | Mining Camp |
| 22:19 | Create | Longbowman ×2 |
| 22:35 | Build | Lumber Camp |
| 22:54 | Create | Villager (Male) |
| 22:54 | Create | Villager (Male) |
| 22:54 | Create | Villager (Male) |
| 22:54 | Create | Villager (Male) |
Build order — FAILEDFEMBOY
First 150 of 212 actions detected
| 0:02 | Create | Villager (Male) |
| 0:03 | Create | Villager (Male) |
| 0:03 | Create | Villager (Male) |
| 0:03 | Create | Villager (Male) |
| 0:03 | Create | Villager (Male) |
| 0:15 | Build | Lumber Camp |
| 0:31 | Build | Mill |
| 0:58 | Create | Villager (Male) |
| 0:58 | Create | Villager (Male) |
| 1:44 | Create | Villager (Male) |
| 1:54 | Create | Villager (Male) |
| 2:16 | Create | Villager (Male) |
| 2:17 | Create | Villager (Male) |
| 2:22 | Create | Villager (Male) |
| 2:37 | Build | Mining Camp |
| 2:44 | Create | Villager (Male) |
| 3:30 | Build | Farm |
| 3:50 | Build | Farm |
| 3:59 | Create | Villager (Male) |
| 4:15 | Build | Farm |
| 5:12 | Research | Feudal Age |
| 5:50 | Create | Villager (Male) |
| 5:50 | Create | Villager (Male) |
| 5:52 | Research | Loom |
| 7:22 | Age | Feudal Age |
| 7:33 | Build | Market |
| 7:54 | Build | Blacksmith |
| 9:58 | Research | Castle Age |
| 10:16 | Research | Double-Bit Axe |
| 10:16 | Research | Double-Bit Axe |
| 10:30 | Research | Horse Collar |
| 12:19 | Research | Wheelbarrow |
| 12:38 | Age | Castle Age |
| 12:41 | Create | Conquistador |
| 12:41 | Create | Conquistador |
| 12:41 | Create | Conquistador |
| 12:55 | Create | Villager (Male) |
| 12:56 | Create | Villager (Male) |
| 13:13 | Build | Town Center |
| 13:26 | Create | Villager (Male) |
| 13:26 | Create | Villager (Male) |
| 13:38 | Create | Conquistador |
| 13:38 | Create | Conquistador |
| 13:49 | Research | Gold Mining |
| 13:51 | Create | Villager (Male) |
| 14:15 | Create | Conquistador |
| 14:15 | Create | Conquistador |
| 14:23 | Build | Farm |
| 14:23 | Build | Farm |
| 14:24 | Build | Farm |
| 14:24 | Build | Farm |
| 14:24 | Build | Farm |
| 14:26 | Create | Villager (Male) |
| 14:27 | Create | Villager (Male) |
| 14:27 | Create | Villager (Male) |
| 14:52 | Create | Conquistador |
| 15:31 | Create | Villager (Male) |
| 15:32 | Create | Villager (Male) |
| 15:38 | Build | Farm |
| 15:38 | Build | Farm |
| 15:53 | Create | Conquistador |
| 15:53 | Create | Conquistador |
| 15:54 | Create | Conquistador |
| 16:08 | Create | Villager (Male) |
| 16:52 | Create | Conquistador |
| 16:52 | Create | Conquistador |
| 16:52 | Create | Conquistador |
| 16:52 | Create | Conquistador |
| 17:34 | Create | Conquistador |
| 17:35 | Create | Conquistador |
| 17:35 | Create | Conquistador |
| 17:35 | Create | Conquistador |
| 17:35 | Create | Conquistador |
| 17:43 | Build | Farm |
| 17:43 | Build | Farm |
| 17:43 | Build | Farm |
| 17:44 | Build | Farm |
| 17:44 | Build | Farm |
| 17:44 | Build | Farm |
| 17:44 | Build | Farm |
| 18:02 | Create | Villager (Male) |
| 18:02 | Create | Villager (Male) |
| 18:02 | Create | Villager (Male) |
| 18:34 | Create | Villager (Male) |
| 18:34 | Create | Villager (Male) |
| 18:39 | Create | Villager (Male) |
| 18:40 | Create | Villager (Male) |
| 19:21 | Build | House |
| 19:23 | Create | Villager (Male) |
| 19:23 | Create | Villager (Male) |
| 19:25 | Create | Villager (Male) |
| 19:25 | Create | Villager (Male) |
| 19:26 | Create | Villager (Male) |
| 19:26 | Create | Villager (Male) |
| 20:12 | Build | House |
| 20:14 | Build | House |
| 20:20 | Create | Villager (Male) |
| 20:20 | Create | Villager (Male) |
| 20:20 | Create | Villager (Male) |
| 20:20 | Create | Villager (Male) |
| 20:21 | Create | Villager (Male) |
| 20:21 | Create | Villager (Male) |
| 20:21 | Create | Villager (Male) |
| 20:21 | Create | Villager (Male) |
| 20:35 | Create | Conquistador |
| 20:35 | Create | Conquistador |
| 20:35 | Create | Conquistador |
| 20:41 | Create | Conquistador |
| 21:44 | Build | House |
| 21:58 | Create | Villager (Male) |
| 21:59 | Create | Villager (Male) |
| 22:09 | Create | Villager (Male) |
| 22:09 | Create | Villager (Male) |
| 22:09 | Create | Villager (Male) |
| 22:18 | Build | House |
| 22:20 | Build | House |
| 22:50 | Build | House |
| 23:40 | Build | Siege Workshop |
| 23:45 | Build | Lumber Camp |
| 24:21 | Research | Imperial Age |
| 24:27 | Build | Barracks |
| 24:40 | Create | Villager (Male) |
| 24:40 | Create | Villager (Male) |
| 24:40 | Create | Villager (Male) |
| 24:40 | Create | Villager (Male) |
| 24:41 | Create | Villager (Male) |
| 24:47 | Build | Mining Camp |
| 24:52 | Build | Lumber Camp |
| 25:16 | Build | Stable |
| 25:21 | Research | Forging |
| 25:21 | Research | Scale Barding Armor |
| 25:24 | Research | Scale Barding Armor |
| 25:25 | Research | Scale Barding Armor |
| 26:10 | Research | Bow Saw |
| 26:16 | Build | House |
| 26:17 | Build | House |
| 26:27 | Research | Heavy Plow |
| 26:32 | Create | Villager (Male) |
| 26:32 | Create | Villager (Male) |
| 26:32 | Create | Villager (Male) |
| 26:49 | Research | Husbandry |
| 27:03 | Build | Town Center |
| 27:06 | Build | House |
| 27:07 | Build | House |
| 27:22 | Research | Bloodlines |
| 27:31 | Age | Imperial Age |
| 27:37 | Build | Town Center |
| 27:40 | Create | Villager (Male) |
| 27:40 | Create | Villager (Male) |
| 27:40 | Create | Villager (Male) |
Build order — dayjaby
First 150 of 245 actions detected
| 0:01 | Create | Villager (Male) |
| 0:01 | Create | Villager (Male) |
| 0:01 | Create | Villager (Male) |
| 0:05 | Build | Mill |
| 0:10 | Build | Lumber Camp |
| 0:13 | Create | Villager (Male) |
| 0:13 | Create | Villager (Male) |
| 1:07 | Create | Villager (Male) |
| 1:07 | Create | Villager (Male) |
| 1:42 | Create | Villager (Male) |
| 2:37 | Create | Villager (Male) |
| 2:37 | Create | Villager (Male) |
| 2:37 | Create | Villager (Male) |
| 2:50 | Create | Villager (Male) |
| 2:51 | Create | Villager (Male) |
| 2:51 | Create | Villager (Male) |
| 2:51 | Create | Villager (Male) |
| 3:17 | Create | Villager (Male) |
| 3:17 | Create | Villager (Male) |
| 3:47 | Create | Villager (Male) |
| 4:41 | Build | Farm |
| 4:57 | Build | Mining Camp |
| 5:06 | Build | Farm |
| 5:34 | Build | Farm |
| 5:47 | Create | Villager (Male) |
| 6:06 | Research | Feudal Age |
| 6:17 | Build | Farm |
| 6:21 | Build | Farm |
| 6:55 | Create | Villager (Male) |
| 6:55 | Create | Villager (Male) |
| 8:32 | Age | Feudal Age |
| 8:34 | Build | Market |
| 8:38 | Build | Blacksmith |
| 9:20 | Build | House |
| 9:23 | Research | Castle Age |
| 9:24 | Research | Castle Age |
| 9:41 | Build | Farm |
| 9:42 | Research | Horse Collar |
| 10:36 | Research | Double-Bit Axe |
| 10:37 | Research | Double-Bit Axe |
| 11:27 | Build | Barracks |
| 11:31 | Create | Villager (Male) |
| 11:57 | Research | Scale Mail Armor |
| 12:03 | Age | Castle Age |
| 12:12 | Create | Unit 1974 |
| 12:15 | Build | Siege Workshop |
| 12:19 | Create | Villager (Male) |
| 12:38 | Research | Arson |
| 12:41 | Research | Squires |
| 12:44 | Build | Farm |
| 12:46 | Create | Villager (Male) |
| 12:59 | Create | Unit 1974 |
| 13:00 | Create | Unit 1974 |
| 13:05 | Create | Unit 1974 |
| 13:06 | Create | Unit 1974 |
| 13:11 | Create | Unit 1105 |
| 13:15 | Build | House |
| 13:27 | Research | Chain Mail Armor |
| 13:27 | Research | Chain Mail Armor |
| 13:31 | Create | Unit 1974 |
| 13:42 | Create | Villager (Male) |
| 13:42 | Create | Villager (Male) |
| 13:46 | Build | House |
| 14:21 | Create | Battering Ram |
| 14:22 | Create | Battering Ram |
| 14:25 | Build | House |
| 14:26 | Create | Unit 1974 |
| 14:30 | Create | Unit 1974 |
| 14:33 | Create | Villager (Male) |
| 14:53 | Build | Lumber Camp |
| 14:57 | Create | Unit 1974 |
| 15:08 | Create | Villager (Male) |
| 15:11 | Create | Villager (Male) |
| 15:18 | Create | Battering Ram |
| 15:18 | Create | Battering Ram |
| 15:39 | Create | Unit 1974 |
| 15:39 | Create | Unit 1974 |
| 15:51 | Create | Villager (Male) |
| 16:32 | Create | Villager (Male) |
| 16:33 | Create | Villager (Male) |
| 17:09 | Create | Unit 1974 |
| 17:09 | Create | Unit 1974 |
| 17:09 | Create | Unit 1974 |
| 17:15 | Create | Villager (Male) |
| 17:15 | Create | Villager (Male) |
| 17:31 | Create | Villager (Male) |
| 18:01 | Build | Monastery |
| 18:34 | Create | Villager (Male) |
| 18:49 | Create | Monk |
| 18:52 | Create | Villager (Male) |
| 19:14 | Create | Villager (Male) |
| 19:43 | Create | Villager (Male) |
| 19:47 | Create | Unit 1974 |
| 19:48 | Create | Unit 1974 |
| 19:49 | Create | Unit 1974 |
| 20:08 | Create | Unit 1974 |
| 20:17 | Create | Unit 1974 |
| 20:18 | Create | Unit 1974 |
| 20:18 | Create | Unit 1974 |
| 20:23 | Create | Monk |
| 20:24 | Create | Monk |
| 20:38 | Create | Villager (Male) |
| 20:40 | Create | Villager (Male) |
| 20:43 | Build | Farm |
| 20:46 | Build | Farm |
| 20:48 | Build | Lumber Camp |
| 20:53 | Create | Unit 1974 |
| 21:15 | Create | Villager (Male) |
| 21:18 | Create | Unit 1974 |
| 21:18 | Create | Unit 1974 |
| 21:36 | Create | Militia |
| 21:56 | Create | Villager (Male) |
| 22:03 | Create | Militia |
| 22:03 | Create | Militia |
| 22:08 | Create | Unit 1974 |
| 22:08 | Create | Unit 1974 |
| 22:12 | Create | Villager (Male) |
| 22:16 | Build | Barracks |
| 22:34 | Create | Unit 1974 |
| 22:34 | Create | Unit 1974 |
| 22:49 | Create | Villager (Male) |
| 23:15 | Create | Unit 1974 |
| 23:16 | Create | Unit 1974 |
| 23:16 | Create | Unit 1974 |
| 23:16 | Create | Unit 1974 |
| 23:26 | Build | House |
| 23:38 | Create | Unit 1974 |
| 23:50 | Create | Villager (Male) |
| 23:59 | Build | Town Center |
| 24:03 | Create | Unit 1968 |
| 24:03 | Create | Unit 1968 |
| 24:04 | Create | Unit 1968 |
| 24:05 | Research | Fletching |
| 24:08 | Create | Unit 1974 |
| 24:09 | Create | Unit 1974 |
| 24:31 | Create | Unit 1974 |
| 24:38 | Create | Villager (Male) |
| 25:03 | Create | Villager (Male) |
| 25:11 | Build | Farm |
| 25:12 | Build | Farm |
| 25:41 | Create | Unit 1968 |
| 25:41 | Create | Unit 1968 |
| 25:41 | Create | Unit 1968 |
| 25:50 | Create | Villager (Male) |
| 25:52 | Create | Villager (Male) |
| 25:54 | Create | Villager (Male) |
| 25:55 | Create | Villager (Male) |
| 26:00 | Create | Unit 1968 |
| 26:00 | Create | Unit 1968 |
| 26:06 | Create | Battering Ram |
Build order — Lord Snow
First 150 of 303 actions detected
| 0:01 | Create | Villager (Male) |
| 0:01 | Create | Villager (Male) |
| 0:02 | Create | Villager (Male) |
| 0:10 | Build | Lumber Camp |
| 0:17 | Build | Mill |
| 0:23 | Create | Villager (Male) |
| 1:07 | Create | Villager (Male) |
| 1:30 | Create | Villager (Male) |
| 2:09 | Create | Villager (Male) |
| 2:45 | Create | Villager (Male) |
| 2:46 | Create | Villager (Male) |
| 2:53 | Build | Farm |
| 2:58 | Build | Farm |
| 3:10 | Create | Villager (Male) |
| 3:13 | Build | Farm |
| 3:54 | Create | Villager (Male) |
| 4:02 | Create | Villager (Male) |
| 4:16 | Create | Villager (Male) |
| 4:24 | Build | Farm |
| 4:34 | Create | Villager (Male) |
| 5:19 | Research | Feudal Age |
| 5:31 | Build | Mining Camp |
| 6:30 | Create | Villager (Male) |
| 6:30 | Create | Villager (Male) |
| 8:01 | Age | Feudal Age |
| 8:03 | Build | Market |
| 8:06 | Build | Blacksmith |
| 8:44 | Build | Lumber Camp |
| 8:55 | Research | Castle Age |
| 9:25 | Research | Double-Bit Axe |
| 9:27 | Research | Horse Collar |
| 10:13 | Create | Villager (Male) |
| 10:13 | Create | Villager (Male) |
| 10:59 | Create | Villager (Male) |
| 11:35 | Age | Castle Age |
| 11:38 | Build | Town Center |
| 11:41 | Build | Town Center |
| 11:51 | Research | Bow Saw |
| 11:52 | Create | Villager (Male) |
| 12:07 | Research | Heavy Plow |
| 12:20 | Build | Farm |
| 12:23 | Build | Farm |
| 12:25 | Build | Farm |
| 12:27 | Create | Villager (Male) |
| 12:42 | Build | Farm |
| 12:47 | Build | Farm |
| 12:52 | Create | Villager (Male) |
| 12:58 | Build | Farm |
| 13:14 | Create | Villager (Male) ×5 |
| 13:29 | Build | Farm |
| 13:32 | Build | Farm |
| 13:36 | Build | Farm |
| 13:37 | Create | Villager (Male) |
| 13:40 | Create | Villager (Male) ×2 |
| 13:50 | Build | Farm |
| 14:03 | Build | Farm |
| 14:17 | Research | Wheelbarrow |
| 14:17 | Research | Wheelbarrow |
| 14:17 | Research | Wheelbarrow |
| 14:17 | Research | Wheelbarrow |
| 14:23 | Build | Farm |
| 14:25 | Build | Farm |
| 14:30 | Create | Villager (Male) |
| 14:38 | Build | Farm |
| 14:43 | Create | Villager (Male) |
| 14:53 | Build | Farm |
| 14:56 | Build | Farm |
| 15:03 | Create | Petard |
| 15:04 | Create | Petard |
| 15:24 | Create | Villager (Male) ×2 |
| 15:39 | Create | Villager (Male) |
| 15:41 | Create | Villager (Male) |
| 15:45 | Build | Farm |
| 15:48 | Build | Farm |
| 16:02 | Create | Villager (Male) ×3 |
| 16:18 | Create | Villager (Male) ×2 |
| 16:48 | Create | Villager (Male) ×5 |
| 16:53 | Create | Genoese Crossbowman ×5 |
| 16:53 | Create | Genoese Crossbowman ×5 |
| 17:23 | Build | Town Center |
| 17:39 | Create | Villager (Male) ×5 |
| 17:45 | Build | House |
| 17:48 | Build | House |
| 17:55 | Build | House |
| 17:59 | Research | Loom |
| 18:03 | Research | Hand Cart |
| 18:08 | Research | Town Watch |
| 18:13 | Build | House |
| 18:15 | Build | House |
| 18:16 | Build | House |
| 18:17 | Build | House |
| 18:17 | Build | House |
| 18:17 | Build | House |
| 18:17 | Build | House |
| 18:18 | Build | House |
| 18:26 | Build | Mining Camp |
| 18:36 | Create | Villager (Male) ×5 |
| 18:43 | Build | Farm |
| 18:43 | Build | Farm |
| 18:43 | Build | Farm |
| 18:44 | Build | Farm |
| 18:44 | Build | Farm |
| 18:44 | Build | Farm |
| 18:44 | Build | Farm |
| 18:44 | Build | Farm |
| 18:45 | Build | Farm |
| 18:45 | Build | Farm |
| 19:09 | Create | Villager (Male) ×5 |
| 19:15 | Research | Stone Mining |
| 19:23 | Research | Gold Mining |
| 19:24 | Research | Gold Mining |
| 19:39 | Build | Monastery |
| 19:44 | Create | Villager (Male) ×4 |
| 19:58 | Build | Lumber Camp |
| 20:01 | Create | Villager (Male) ×2 |
| 20:23 | Research | Stone Shaft Mining |
| 20:27 | Create | Villager (Male) ×5 |
| 20:31 | Create | Monk |
| 20:55 | Create | Villager (Male) ×4 |
| 21:01 | Build | Farm |
| 21:12 | Create | Villager (Male) ×5 |
| 21:41 | Create | Villager (Male) ×5 |
| 21:47 | Build | Farm |
| 21:47 | Build | Farm |
| 21:47 | Build | Farm |
| 21:47 | Build | Farm |
| 21:48 | Build | Farm |
| 21:48 | Build | Farm |
| 21:48 | Build | Farm |
| 21:48 | Build | Farm |
| 22:04 | Build | Lumber Camp |
| 22:25 | Build | Castle |
| 22:36 | Research | Imperial Age |
| 22:50 | Build | Archery Range |
| 22:54 | Build | Archery Range |
| 22:56 | Create | Villager (Male) ×5 |
| 22:56 | Create | Villager (Male) ×5 |
| 23:06 | Build | House |
| 23:08 | Build | House |
| 23:14 | Build | House |
| 23:17 | Build | House |
| 23:17 | Build | House |
| 23:17 | Build | House |
| 23:17 | Build | House |
| 23:18 | Build | House |
| 23:18 | Build | House |
| 23:18 | Build | House |
| 23:18 | Build | House |
| 23:20 | Build | House |
| 23:20 | Build | House |
Build order — Fun4
First 150 of 356 actions detected
| 0:03 | Create | Villager (Male) |
| 0:04 | Create | Villager (Male) |
| 0:04 | Create | Villager (Male) |
| 0:04 | Create | Villager (Male) |
| 0:26 | Build | Lumber Camp |
| 0:51 | Create | Villager (Male) |
| 1:02 | Build | Mill |
| 1:52 | Create | Villager (Male) |
| 1:58 | Create | Villager (Male) |
| 2:06 | Create | Villager (Male) |
| 2:38 | Create | Villager (Male) |
| 2:41 | Create | Villager (Male) |
| 2:46 | Create | Villager (Male) |
| 4:10 | Research | Loom |
| 4:31 | Build | Farm |
| 4:40 | Build | Farm |
| 4:41 | Research | Feudal Age |
| 4:42 | Research | Feudal Age |
| 4:53 | Build | Farm |
| 6:51 | Age | Feudal Age |
| 6:53 | Create | Villager (Male) |
| 6:57 | Build | Market |
| 7:01 | Build | Blacksmith |
| 7:19 | Create | Villager (Male) |
| 7:31 | Build | House |
| 8:29 | Research | Castle Age |
| 8:30 | Research | Castle Age |
| 8:30 | Research | Castle Age |
| 9:00 | Research | Double-Bit Axe |
| 9:00 | Research | Double-Bit Axe |
| 10:02 | Research | Horse Collar |
| 11:09 | Age | Castle Age |
| 11:13 | Create | Villager (Male) |
| 11:15 | Build | Town Center |
| 11:21 | Create | Villager (Male) |
| 11:33 | Build | Town Center |
| 11:36 | Build | Farm |
| 11:45 | Create | Villager (Male) |
| 11:49 | Research | Bow Saw |
| 11:50 | Research | Bow Saw |
| 12:16 | Research | Wheelbarrow |
| 12:37 | Create | Villager (Male) |
| 12:45 | Build | Farm |
| 12:49 | Build | Farm |
| 12:51 | Create | Villager (Male) |
| 13:08 | Create | Villager (Male) |
| 13:26 | Create | Villager (Male) |
| 13:42 | Build | Farm |
| 13:44 | Build | Farm |
| 13:48 | Build | Farm |
| 13:52 | Create | Villager (Male) |
| 13:58 | Build | Farm |
| 13:58 | Build | Farm |
| 14:01 | Build | Farm |
| 14:04 | Build | Farm |
| 14:11 | Create | Villager (Male) |
| 14:21 | Build | Farm |
| 14:22 | Create | Villager (Male) |
| 14:36 | Create | Villager (Male) |
| 14:37 | Build | Farm |
| 14:45 | Create | Villager (Male) |
| 14:59 | Build | Farm |
| 15:01 | Build | Farm |
| 15:03 | Create | Villager (Male) |
| 15:03 | Create | Villager (Male) |
| 15:17 | Create | Villager (Male) |
| 15:22 | Build | Mining Camp |
| 15:24 | Create | Villager (Male) |
| 15:33 | Create | Villager (Male) |
| 15:34 | Build | Farm |
| 15:45 | Create | Villager (Male) |
| 15:53 | Create | Villager (Male) |
| 16:01 | Create | Villager (Male) |
| 16:04 | Build | Farm |
| 16:07 | Build | Farm |
| 16:09 | Create | Villager (Male) |
| 16:15 | Build | Farm |
| 16:19 | Create | Villager (Male) |
| 16:19 | Create | Villager (Male) |
| 16:19 | Create | Villager (Male) |
| 16:23 | Create | Villager (Male) |
| 16:32 | Build | Farm |
| 16:34 | Create | Villager (Male) |
| 16:44 | Create | Villager (Male) |
| 16:50 | Build | House |
| 16:50 | Build | House |
| 16:52 | Create | Villager (Male) |
| 17:01 | Create | Villager (Male) |
| 17:04 | Build | Farm |
| 17:06 | Create | Villager (Male) |
| 17:10 | Create | Villager (Male) |
| 17:15 | Build | Farm |
| 17:15 | Build | Farm |
| 17:23 | Create | Villager (Male) |
| 17:28 | Create | Villager (Male) |
| 17:40 | Create | Villager (Male) |
| 17:47 | Build | Farm |
| 17:52 | Build | Farm |
| 17:53 | Create | Villager (Male) |
| 17:53 | Create | Villager (Male) |
| 17:54 | Create | Villager (Male) |
| 18:07 | Build | Stone Wall |
| 18:11 | Create | Villager (Male) |
| 18:17 | Build | Farm |
| 18:18 | Research | Heavy Plow |
| 18:20 | Create | Villager (Male) |
| 18:24 | Create | Villager (Male) |
| 18:32 | Create | Villager (Male) |
| 18:38 | Build | Farm |
| 18:40 | Create | Villager (Male) |
| 18:43 | Build | Farm |
| 18:45 | Build | Farm |
| 18:46 | Create | Villager (Male) |
| 18:55 | Build | Farm |
| 18:59 | Build | Farm |
| 19:01 | Create | Villager (Male) |
| 19:10 | Create | Villager (Male) |
| 19:12 | Build | House |
| 19:16 | Create | Villager (Male) |
| 19:29 | Create | Villager (Male) |
| 19:37 | Create | Villager (Male) |
| 19:42 | Build | House |
| 19:45 | Create | Villager (Male) |
| 19:57 | Build | Town Center |
| 20:02 | Create | Villager (Male) |
| 20:15 | Create | Villager (Male) |
| 20:15 | Create | Villager (Male) |
| 20:15 | Create | Villager (Male) |
| 20:19 | Create | Villager (Male) |
| 20:20 | Build | Farm |
| 20:29 | Create | Villager (Male) |
| 20:32 | Build | Farm |
| 20:36 | Build | Farm |
| 20:43 | Build | Farm |
| 20:44 | Create | Villager (Male) |
| 20:46 | Build | House |
| 20:47 | Build | House |
| 20:52 | Create | Villager (Male) |
| 20:55 | Create | Villager (Male) |
| 21:03 | Create | Villager (Male) |
| 21:13 | Build | Krepost |
| 21:18 | Create | Villager (Male) |
| 21:23 | Research | Gold Mining |
| 21:23 | Research | Gold Mining |
| 21:25 | Create | Villager (Male) |
| 21:29 | Build | House |
| 21:32 | Build | House |
| 21:33 | Create | Villager (Male) |
| 21:40 | Create | Villager (Male) |
| 21:44 | Create | Villager (Male) |
Match timeline
| 5:16 | VIT | Hera · wall_segment Palisade Wall x1 |
| 6:47 | lord-cherry · age_up feudal |
| 6:51 | Fun4 · age_up feudal |
| 7:22 | FAILEDFEMBOY · age_up feudal |
| 7:36 | VIT | Hera · age_up feudal |
| 8:01 | GSDE_Bjarne · age_up feudal |
| 8:01 | Lord Snow · age_up feudal |
| 8:01 | Fun4 · first_market_sell 100 wood |
| 8:18 | EpicPlayer · age_up feudal |
| 8:32 | dayjaby · age_up feudal |
| 11:09 | Fun4 · age_up castle |
| 11:10 | VIT | Hera · age_up castle |
| 11:27 | dayjaby · first_building Barracks |
| 11:31 | GSDE_Bjarne · age_up castle |
| 11:34 | GSDE_Bjarne · first_building Monastery |
| 11:35 | Lord Snow · age_up castle |
| 11:49 | Lord Snow · first_market_buy 100 wood |
| 11:49 | VIT | Hera · first_market_buy 100 wood |
| 11:52 | lord-cherry · first_building Archery Range |
| 12:03 | dayjaby · age_up castle |
| 12:15 | dayjaby · first_building Siege Workshop |
| 12:38 | FAILEDFEMBOY · age_up castle |
| 12:50 | lord-cherry · age_up castle |
| 12:54 | EpicPlayer · age_up castle |
| 13:11 | EpicPlayer · first_market_buy 100 wood |
| 13:36 | FAILEDFEMBOY · first_market_sell 100 wood |
| 14:10 | EpicPlayer · first_building Stable |
| 14:18 | dayjaby · first_market_sell 100 stone |
| 16:09 | GSDE_Bjarne · first_building Stable |
| 17:11 | VIT | Hera · first_market_sell 100 wood |
| 18:01 | dayjaby · first_building Monastery |
| 18:07 | Fun4 · wall_segment Stone Wall x16 |
| 18:55 | lord-cherry · first_market_sell 100 wood |
| 19:21 | lord-cherry · wall_segment Stone Wall x2 |
| 19:39 | Lord Snow · first_building Monastery |
| 21:13 | Fun4 · first_building Krepost |
| 22:05 | lord-cherry · first_building Castle |
| 22:25 | Lord Snow · first_building Castle |
| 22:31 | VIT | Hera · first_building Stable |
| 22:42 | Fun4 · first_building Barracks |
| 22:50 | Lord Snow · first_building Archery Range |
| 22:51 | lord-cherry · tribute_sent a jugador 1 |
| 22:51 | lord-cherry · tribute_sent a jugador 2 |
| 22:51 | lord-cherry · tribute_sent a jugador 3 |
| 22:51 | lord-cherry · tribute_sent a jugador 5 |
| 22:51 | lord-cherry · tribute_sent a jugador 6 |
| 22:51 | lord-cherry · tribute_sent a jugador 7 |
| 22:51 | lord-cherry · tribute_sent a jugador 8 |
| 22:57 | EpicPlayer · first_building Monastery |
| 23:38 | Fun4 · first_building Stable |
| 23:40 | FAILEDFEMBOY · first_building Siege Workshop |
| 23:56 | dayjaby · first_market_buy 100 stone |
| 24:01 | EpicPlayer · first_building Castle |
| 24:27 | FAILEDFEMBOY · first_building Barracks |
| 25:16 | FAILEDFEMBOY · first_building Stable |
| 25:44 | lord-cherry · wall_segment Stone Wall x6 |
| 25:45 | Fun4 · age_up imperial |
| 25:53 | lord-cherry · wall_segment Stone Wall x4 |
| 25:55 | Lord Snow · age_up imperial |
| 26:09 | EpicPlayer · age_up imperial |
| 26:38 | Lord Snow · wall_segment Stone Wall x6 |
| 27:31 | FAILEDFEMBOY · age_up imperial |
| 28:15 | Fun4 · first_building Castle |
| 28:31 | EpicPlayer · first_market_sell 500 wood |
| 29:04 | Fun4 · first_building Siege Workshop |
| 29:46 | GSDE_Bjarne · first_market_buy 100 stone |
| 29:56 | GSDE_Bjarne · first_market_sell 100 food |
| 30:45 | Lord Snow · first_market_sell 500 food |
| 31:58 | Fun4 · first_building Monastery |
| 32:17 | dayjaby · first_building Castle |
| 33:18 | GSDE_Bjarne · age_up imperial |
| 33:26 | GSDE_Bjarne · first_building Barracks |
| 33:29 | VIT | Hera · first_building Castle |
| 33:58 | Fun4 · resign |
| 34:46 | lord-cherry · age_up imperial |
[ AI ANALYSIS · 1 CREDIT ]
What really happened in this match?
Wolo.gg analyzes every decision: build order, eco, micro, common mistakes by bracket. Personalized analysis on WhatsApp or Discord in 30 seconds.
Civ guide
Persians
Perfil
Jugador #16095648